AoeStats
← beni-j-i

MegaRandom

509154435Analyzed
2v2 RM · 5d ago on Sep 25, 2026· 39m 56s· 4 players
Game mode
Random Map
Map size
Medium (4 player)
Population
200
Speed
Normal
Resources
Standard
Victory
Conquest
Starting age
Dark Age
Ending age
Imperial Age
RankedLock teamsTeams togetherTeam positionsShared explorationLock speedFull tech treeHidden civsTurbo modeCheats
Victory
Defeat
🇨🇱 Mongols · Chile
1160
+16
🇨🇭 Khmer · Switzerland
1104
+19
🇺🇸 Wei · United States
1170
-18
🇺🇸 Danes · United States
1156
-17
kalelc
9:37 Feudal Age
10:29 Double-Bit Axe
13:21 Castle Age
11:25 Gold Mining
12:19 Horse Collar
12:30 Stone Mining
12:44 Loom
14:44 Wheelbarrow
14:49 Fletching
21:24 Imperial Age
19:56 Bodkin Arrow
21:32 Ballistics
28:40 Bracer
30:07 Scale Barding Armor
31:18 Chemistry
30:59 Murder Holes
32:01 Chain Barding Armor
34:11 Bloodlines
34:01 Husbandry
34:18 Forging
33:43 Light Cavalry
36:00 Iron Casting
36:12 Hussar
beni-j-i
8:20 Feudal Age
8:47 Loom
9:21 Double-Bit Axe
9:17 Horse Collar
12:00 Castle Age
10:53 Gold Mining
13:46 Wheelbarrow
13:05 Stone Mining
14:26 Bow Saw
14:18 Heavy Plow
17:11 Gold Shaft Mining
22:47 Ballistics
22:47 Husbandry
23:25 Stone Shaft Mining
27:28 Imperial Age
25:48 Bloodlines
26:43 Hand Cart
29:04 Elite Ballista Elephant
31:43 Chemistry
31:32 Conscription
32:30 Crop Rotation
32:23 Siege Engineers
33:35 Double Crossbow
39:33 Masonry
39:22 Murder Holes
39:40 Masonry
39:19 Town Watch
40:10 Scale Barding Armor
ColdShmurda7
9:10 Feudal Age
12:45 Castle Age
11:06 Scale Mail Armor
11:16 Forging
14:10 Iron Casting
13:51 Chain Mail Armor
13:26 Double-Bit Axe
13:25 Horse Collar
18:51 Bow Saw
18:48 Heavy Plow
21:52 Fletching
28:03 Loom
28:54 Wheelbarrow
32:33 Imperial Age
31:23 Squires
31:08 Gambesons
31:09 Arson
32:49 Caravan
33:43 Coinage
33:46 Elite Varangian Guard
35:32 Blast Furnace
35:30 Plate Mail Armor
35:24 Conscription
37:28 Hamask
Ascendant
7:21 Feudal Age
8:08 Double-Bit Axe
8:15 Gold Mining
11:33 Castle Age
9:24 Horse Collar
9:41 Gold Mining
12:54 Bow Saw
13:22 Heavy Plow
15:31 Loom
19:44 Scale Barding Armor
21:42 Chain Barding Armor
22:19 Forging
24:17 Padded Archer Armor
24:07 Fletching
23:47 Elite Skirmisher
26:05 Leather Archer Armor
25:45 Bodkin Arrow
28:49 Iron Casting
28:30 Thumb Ring
32:58 Imperial Age
31:04 Wheelbarrow
30:15 Town Watch
34:26 Conscription
34:09 Bracer
34:39 Ring Archer Armor
35:09 Crop Rotation
35:37 Ballistics
36:26 Chemistry
37:08 Light Cavalry
37:49 Husbandry
38:30 Bloodlines
Connection lost

Rejoining the realm…

Still unreachable

The connection could not be restored.

Session expired

The server has moved on; the page needs a fresh start.